 Dungeon Crawl Stone Soup version 0.29.1-15-g9cfb28693d (webtiles) character file.

Game seed: 1887169054174258597

263 CrazyMind the Conjurer (level 6, -1/34 HPs)
             Began as a Tengu Conjurer on Mar 27, 2023.
             Was an Initiate of Vehumet.
             Slain by an ogre
             ... wielding a +0 giant club
              (16 damage)
             ... on level 4 of the Dungeon.
             The game lasted 00:21:35 (3702 turns).

CrazyMind the Conjurer (Tengu Conjurer)             Turns: 3702, Time: 00:21:36

Health: -1/34      AC:  7    Str:  8    XL:     6   Next: 19%
Magic:  7/11       EV: 13    Int: 20    God:    Vehumet [......]
Gold:   100        SH:  0    Dex: 12    Spells: 7/10 levels left

rFire   . . .      SeeInvis .   r - +2 dagger (flame)
rCold   . . .      Faith    .   (no shield)
rNeg    . . .      Spirit   .   c - +0 leather armour
rPois   .          Reflect  .   l - +2 hat
rElec   .          Harm     .   v - +0 cloak
rCorr   .          Rampage  .   n - +0 pair of gloves
Will    .....                   (boots unavailable)
Stlth   ++........              (no amulet)
HPRegen 0.11/turn               (no ring)
MPRegen 0.12/turn               (no ring)

@: flying quickly and evasively, quick
A: beak, talons 3, nimble flight
a: Renounce Religion


You were on level 4 of the Dungeon.
You worshipped Vehumet.
Vehumet was noncommittal.
You visited 1 branch of the dungeon, and saw 4 of its levels.

You collected 170 gold pieces.
You spent 70 gold pieces at shops.

Inventory:

Hand Weapons
 g - a +0 short sword
 h - a +0 sling
 i - a +0 long sword
 r - a +2 dagger of flaming (weapon)
Missiles
 w - 3 atropa-tipped darts
 x - 3 poisoned darts
Armour
 a - a +0 robe
 c - a +0 leather armour (worn)
 l - a +2 hat (worn)
 n - a +0 pair of gloves (worn)
 v - a +0 cloak (worn)
Scrolls
 d - a scroll of brand weapon {unknown}
 e - a scroll of teleportation {unknown}
 f - a scroll of immolation {unknown}
 k - a scroll of magic mapping {unknown}
 m - 4 scrolls of identify {unknown}
 p - 2 scrolls of fear {unknown}
 q - 2 scrolls of enchant weapon {unknown}
 u - 2 scrolls of poison {unknown}
 y - a scroll of vulnerability {unknown}
Potions
 b - a potion of magic
 j - a potion of curing
 o - 2 potions of heal wounds
 s - a potion of attraction {unknown}
 t - a potion of flight {unknown}
 z - a potion of mutation {unknown}


   Skills:
 + Level 1.2 Fighting
 + Level 2.0 Armour
 + Level 2.2 Dodging
 + Level 3.0 Stealth
 + Level 2.9 Spellcasting
 * Level 7.7 Conjurations


You had 7 spell levels left.
You knew the following spells:

 Your Spells              Type           Power      Damage    Failure   Level
a - Magic Dart            Conj           100%       1d8       1%          1
b - Searing Ray           Conj           66%        2d6       1%          2

Your spell library contained the following spells:

 Spells                   Type           Power      Damage    Failure   Level
 Dazzling Flash           Conj/Hex       36%        N/A       12%         3
 Apportation              Tloc           4%         N/A       21%         1
 Slow                     Hex            8%         N/A       21%         1
 Scorch                   Fire           4%         2d5       30%         2
 Flame Wave               Conj/Fire      18%        2d7       38%         4
 Fulminant Prism          Conj/Hex       9%         3d7       38%         4
 Iskenderun's Mystic Bla  Conj/Tloc      18%        2d6       38%         4
 Confusing Touch          Hex            2%         N/A       52%         3
 Vampiric Draining        Necr           2%         2d6       52%         3
 Alistair's Intoxication  Tmut/Pois      1%         N/A       99%         5
 Summon Cactus Giant      Summ           1%         N/A       100%        6


Dungeon Overview and Level Annotations

Branches:
Dungeon (4/15)
 Temple: D:4-7

Altars:
Dithmenos
Qazlal
Vehumet

Shops:
D:2 ([*

Annotations:
D:4 exclusion: ogre, Eustachio, Sigmund


Innate Abilities, Weirdness & Mutations

You have a beak for a mouth.
You have claws for feet.
Your magical nature lets you fly swiftly and evasively.


Message History

Magic restored.
There is a stone staircase leading down here.
Sigmund the Dreaded comes into view.
He is wielding a +0 scythe.
u - 2 scrolls labelled ZAHO NO KOKLO (gained 1)
There is a stone staircase leading down here.
You see here a +0 pair of gloves.
You see here a +0 club.
Partly explored, can't reach some items and places.
Okay, then.
Really fly into a travel-excluded area?
There is an open door here.
There is an open door here.
Casting: Searing Ray (safe; 1% risk of failure)
Confirm with . or Enter, or press ? or * to list all spells.
Aiming: Searing Ray (safe; 1% risk of failure)
Press: ? - help, Shift-Dir - straight line, f - ogre
Aim: an ogre, wielding a +0 giant club (91% to hit)
Okay, then.
Casting: Searing Ray (safe; 1% risk of failure)
Confirm with . or Enter, or press ? or * to list all spells.
Aiming: Searing Ray (safe; 1% risk of failure)
Press: ? - help, Shift-Dir - straight line, f - ogre
Aim: an ogre, wielding a +0 giant club (91% to hit)
The searing ray misses the ogre. (Press . to maintain the ray.)
The ogre hits you with a +0 giant club!!
Ouch! That really hurt!
Casting: Searing Ray (safe; 1% risk of failure)
Confirm with . or Enter, or press ? or * to list all spells.
Aiming: Searing Ray (safe; 1% risk of failure)
Press: ? - help, Shift-Dir - straight line, f/p - ogre
Aim: an ogre, wielding a +0 giant club (91% to hit)
The searing ray hits the ogre!
The ogre is moderately wounded. (Press . to maintain the ray.)
The searing ray misses the ogre.
The searing ray hits the ogre.
The ogre is heavily wounded.
The ogre hits you with a +0 giant club!
You die...

#........##>..##########.###.
#........##.#................
#........##.#################
#.........#.# ####........#
#......#.####
#######........#
#...........O..#
#.#####.....@..# #...#
##.......# ###.# ####.####
#...# #.# #.### #.#
############ #O# #)##
#......§§.§# #.# ######..#
#.######..§## #.#
#....##.###.# ##§§.§.## #.#
#.##.##.....# ##§§§§§§§#


You could see an ogre.

Vanquished Creatures
  3 jellies (D:4)
  Natasha (thrice) (D:3)
  Robin (D:3)
  2 adders
  An ufetubus (D:4)
  A worm (D:2)
  An orc (D:4)
  5 ball pythons
  3 endoplasms
  4 giant cockroaches
  13 goblins
  7 hobgoblins
  2 jackals (D:4)
  2 quokkas
  A bat (D:2)
  7 frilled lizards
  3 kobolds
  5 rats
64 creatures vanquished.

Notes
Turn   | Place    | Note
-------+----------+-------------------------------------------
     0 | D:1      | CrazyMind the Tengu Conjurer began the quest for the Orb.
     0 | D:1      | Reached XP level 1. HP: 10/10 MP: 4/4
   344 | D:1      | Reached XP level 2. HP: 15/15 MP: 1/6
   360 | D:1      | Learned a level 2 spell: Searing Ray
   747 | D:1      | Found a faded altar of an unknown god.
   767 | D:1      | Reached skill level 6 in Conjurations
  1197 | D:2      | Found Xooce's General Store.
  1243 | D:2      | Found Van Erha's Antique Armour Shoppe.
  1428 | D:2      | Found Xievuet's Weapon Boutique.
  1519 | D:2      | Reached XP level 3. HP: 19/19 MP: 5/7
  1914 | D:2      | Bought a potion of heal wounds for 70 gold pieces
  2129 | D:3      | Found a radiant altar of Vehumet.
  2257 | D:3      | Noticed Robin
  2276 | D:3      | Killed Robin
  2277 | D:3      | Reached XP level 4. HP: 24/24 MP: 1/8
  2396 | D:3      | Became a worshipper of Vehumet
  2451 | D:3      | Noticed Natasha
  2463 | D:3      | Killed Natasha
  2464 | D:3      | Reached skill level 1 in Armour
  2490 | D:3      | Noticed Natasha
  2655 | D:3      | Killed Natasha
  2656 | D:3      | Reached skill level 7 in Conjurations
  2656 | D:3      | Gained mutation: Your magical nature lets you fly swiftly
                  | and evasively. [Tengu growth]
  2656 | D:3      | Reached XP level 5. HP: 21/28 MP: 4/9
  2735 | D:3      | Noticed Natasha
  2740 | D:3      | Killed Natasha
  2741 | D:3      | Reached skill level 1 in Fighting
  2909 | D:4      | Found a stormy altar of Qazlal.
  2972 | D:4      | Found a shadowy altar of Dithmenos.
  3057 | D:4      | Noticed Eustachio
  3122 | D:4      | Reached XP level 6. HP: 33/34 MP: 3/11
  3479 | D:4      | Noticed Sigmund
  3702 | D:4      | Slain by an ogre

Illustrated notes

Levels and vault maps discovered:
D:1:      minmay_arrival_arboretum_small, layout_loops_ring,
          shapermc_ecumenical_altar_venn
D:2:      layout_basic, serial_shops, nicolae_shop_hallway_plus, shop,
          nicolae_shop_window_shopping
D:3:      layout_rooms, nicolae_overflow_crystal_walls,
          kennysheep_generic_room_12, uniq_robin, uniq_natasha
D:4:      layout_basic, trog_wizard, kennysheep_mini,
          nicolae_dithmenos_the_darkroom, uniq_eustachio, uniq_sigmund

Skill      XL: |  1  2  3  4  5  6 |
---------------+-------------------+-----
Conjurations   | 6 7 |  7.7
Armour         | 1 2 |  2.0
Fighting       | 1 |  1.2
Stealth        | 3 |  3.0
Dodging        | |  2.2
Spellcasting   | |  2.9

Action                   |  1- 3 |  4- 6 || total
-------------------------+-------+-------++-------
Melee: Dagger            |     5 |    12 ||    17
       Peck              |     2 |       ||     2
 Cast: Magic Dart        |    53 |    16 ||    69
       Searing Ray       |     4 |    14 ||    18
 Stab: Sleeping          |     2 |     3 ||     5
       Distracted        |       |     1 ||     1
Armor: Robe              |     1 |       ||     1
       Leather armour    |     3 |     8 ||    11
Dodge: Dodged            |     3 |    14 ||    17
